 Dungeon Crawl Stone Soup version 0.22.0-38-g04b72b8 (webtiles) character file.

471 troglodite the Skirmisher (level 6, -2/49 HPs)
             Began as a Demonspawn Berserker on Aug 30, 2018.
             Was a Priest of Trog.
             Killed by nerve-wracking pain
             ... invoked by Grinder
              (9 damage)
             ... on level 3 of the Dungeon.
             The game lasted 00:07:04 (3719 turns).

troglodite the Skirmisher (Demonspawn Berserker)    Turns: 3719, Time: 00:07:05

Health: -2/49      AC:  9    Str: 18    XL:     6   Next: 83%
Magic:  6/6        EV: 16    Int:  8    God:    Trog [***...]
Gold:   147        SH:  0    Dex: 21    Spells: 5/5 levels left

rFire    + . .     SeeInvis .   a - +0 falchion
rCold    + + .     Gourm    .   (no shield)
rNeg     . . .     Faith    .   j - +1 scale mail {rC+}
rPois    .         Spirit   .   f - +0 helmet
rElec    .         Reflect  .   (no cloak)
rCorr    .         Harm     .   (no gloves)
MR       .....                  (no boots)
Stlth    ++........             (no amulet)
HPRegen  0.16/turn              b - ring of protection from cold
MPRegen  0.10/turn              (no ring)

@: agile, berserk cooldown, slowed, very slow
A: thin skeletal structure 1, fire resistance 1, powered by death 1, flame cloud
immunity
a: Berserk, Trog's Hand, Renounce Religion


You were on level 3 of the Dungeon.
You worshipped Trog.
Trog was most pleased with you.
You were near starving.

You visited 1 branch of the dungeon, and saw 4 of its levels.

You collected 147 gold pieces.

Inventory:

Hand Weapons
 a - a +0 falchion (weapon)
Armour
 f - a +0 helmet (worn)
 j - a +1 scale mail of cold resistance (worn)
Jewellery
 b - a ring of protection from cold (left hand)
 m - an uncursed ring of stealth {unknown}
 q - a cursed ring of attention {unknown}
Scrolls
 h - a scroll of magic mapping {unknown}
 i - 2 scrolls of identify {unknown}
 k - a scroll of fear {unknown}
 l - a scroll of amnesia {unknown}
 n - a scroll of random uselessness {unknown}
 o - a scroll of fog {unknown}
 r - a scroll of teleportation
Potions
 e - a potion of magic {unknown}
 g - a potion of lignification {unknown}
Comestibles
 c - 10 rations


   Skills:
 * Level 4.5 Fighting
 + Level 4.3 Long Blades
 * Level 4.0 Armour
 * Level 3.0 Dodging
 + Level 0.5 Stealth


You had 5 spell levels left.
You didn't know any spells.
Your spell library was empty.

Dungeon Overview and Level Annotations

Branches:
Dungeon (4/15)
 Temple: D:4-7

Altars:
The Shining One

Annotations:
D:3 Grinder
D:4 Blork the orc


Innate Abilities, Weirdness & Mutations

You have a somewhat thin skeletal structure. (Dex +2, Stealth)
Your flesh is heat resistant. (rF+)
You regenerate a little health from kills.
You are immune to clouds of flame.


Message History

Grinder gestures at you. Pain shoots through your body!
Grinder hits you but does no damage.
You can move again.
You hit Grinder.
Grinder is moderately wounded.
Grinder hits you!
You barely miss Grinder.
Grinder is moderately wounded.
Grinder misses you.
You riposte.
You barely miss Grinder.
Grinder is moderately wounded.
Grinder hits you!
* * * LOW HITPOINT WARNING * * *
You writhe in agony.
* * * LOW HITPOINT WARNING * * *
It was a potion of agility.
You feel agile all of a sudden. Grinder gestures at you.
Pain shoots through your body!
You die...

########.##########.#
...............# #.#
########.#####.# #.#
#.# #.# #.# ### #.#
#.# #.# ..#
###.#####.## #.# #.#
#.....##...###.# #.#
#.#.#.#.#.#.##.# #.#
#.#.......5@...# #.#
#.###.#.#.#.#### #.#
#.# #.##...## ..#
##.###.###.##
#.###...##.# #..#
#.##.....#.# ##.#
.........#.####.####
#.##.....#....<....#
#..................#


You could see Grinder.

Vanquished Creatures
  The ghost of Lew the Ducker, an amateur GnMo of Ashenzari (D:3)
  A phantom (D:3)
  A bullfrog (D:3)
  Terence (D:2)
  7 adders
  2 oozes (D:3)
  A worm (D:2)
  2 dart slugs (D:2)
  A leopard gecko (D:1)
  An orc (D:3)
  3 giant cockroaches
  4 hobgoblins
  8 jackals
  A quokka (D:2)
  2 ball pythons (D:2)
  14 bats
  6 frilled lizards
  10 goblins
  3 kobolds
  6 rats
75 creatures vanquished.

Notes
Turn   | Place    | Note
-------+----------+-------------------------------------------
     0 | D:1      | troglodite the Demonspawn Berserker began the quest for the Orb.
     0 | D:1      | Reached XP level 1. HP: 18/18 MP: 1/1
   300 | D:1      | Gained mutation: You regenerate a little health from kills. [demonic ancestry]
   300 | D:1      | Reached XP level 2. HP: 21/24 MP: 2/2
   961 | D:2      | Noticed Terence
   966 | D:2      | Killed Terence
   966 | D:2      | Gained mutation: Your flesh is heat resistant. (rF+) [demonic ancestry]
   966 | D:2      | Reached XP level 3. HP: 29/29 MP: 3/3
  1246 | D:2      | Reached ** piety under Trog
  1320 | D:2      | Reached XP level 4. HP: 31/36 MP: 4/4
  2440 | D:3      | Gained mutation: You are immune to clouds of flame. [demonic ancestry]
  2440 | D:3      | Reached XP level 5. HP: 42/42 MP: 5/5
  2567 | D:3      | Found a runed door.
  2568 | D:3      | Noticed Lew's ghost (amateur GnMo)
  2568 | D:3      | Noticed a phantom
  2629 | D:3      | Killed Lew's ghost
  2629 | D:3      | Gained mutation: You have a somewhat thin skeletal structure. (Dex +2, Stealth) [demonic ancestry]
  2629 | D:3      | Reached XP level 6. HP: 30/48 MP: 6/6
  2667 | D:3      | Paralysed by fainting for 11 turns
  3076 | D:3      | Reached *** piety under Trog
  3636 | D:3      | Found a glowing golden altar of the Shining One.
  3692 | D:4      | Noticed Grinder
  3699 | D:4      | Noticed Blork the orc
  3710 | D:3      | Paralysed by Grinder for 7 turns
  3719 | D:3      | Killed from afar by Grinder

Skill      XL: |  1  2  3  4  5  6 |
---------------+-------------------+-----
Long Blades    | 3 4 |  4.3
Armour         | 2 3 4 |  4.0
Dodging        | 2 3 |  3.0
Fighting       | 4 |  4.5
Stealth        | |  0.5

Action                   |  1- 3 |  4- 6 || total
-------------------------+-------+-------++-------
Melee: Falchion          |    94 |   208 ||   302
Invok: Berserk           |     2 |     6 ||     8
  Use: Scroll            |     2 |       ||     2
       Potion            |       |     1 ||     1
 Stab: Sleeping          |     1 |       ||     1
  Eat: Chunk             |     2 |    13 ||    15
Armor: Animal skin       |    12 |       ||    12
       Ring mail         |     3 |       ||     3
       Scale mail        |    21 |   101 ||   122
Dodge: Dodged            |    48 |   130 ||   178
       Rpst.: Falchion   |    14 |    31 ||    45
